 Dungeon Crawl Stone Soup version 0.20-a0-548-g4f8a798 (webtiles) character file.

41465 Kareekexe the Thaumaturge (level 13, -6/106 HPs)
             Began as a Mummy Summoner on Jan 23, 2017.
             Was an Elder of Sif Muna.
             Killed by divine providence
             ... invoked by an orc high priest
              (12 damage)
             ... on level 2 of the Orcish Mines on Feb 1, 2017.
             The game lasted 02:06:21 (28658 turns).

Kareekexe the Thaumaturge (Mummy Summoner)         Turns: 28658, Time: 02:06:22

Health: -6/106     AC:  9    Str: 15      XL:     13   Next: 80%
Magic:  1/29       EV: 22    Int: 22 (24) God:    Sif Muna [****..]
Gold:   1588       SH:  0    Dex: 17      Spells: 13/37 levels left

rFire    + . .     SeeInvis +   y - +7 war axe "Fiwionn" {chop, rElec Int+3 SInv}
rCold    + . .     Gourm    .   z - +3 leather armour of Jaki {rF+ Str+4}
rNeg     + + +     Faith    .   (no shield)
rPois    ∞         Spirit   .   C - +0 helmet of Eternal Night {Int+3}
rElec    +         Reflect  .   A - +0 cloak
rCorr    .         Harm     .   V - +0 pair of gloves {Dex+3}
MR       +....                  (no boots)
Stlth    ++........             (no amulet)
Regen    0.3/turn               J - ring of protection from fire
                                e - +4 ring of evasion

@: repel missiles, divine energy
A: no food or potions, fire vulnerability, cold resistance 1, negative energy
resistance 3, torment resistance, unbreathing, in touch with death 1
a: Stop Divine Energy, Channel Magic, Forget Spell, Renounce Religion


You were on level 2 of the Orcish Mines.
You worshipped Sif Muna.
Sif Muna was greatly pleased with you.
You were not hungry.

You visited 4 branches of the dungeon, and saw 22 of its levels.
You also visited: Sewer and Ice Cave.

You collected 1879 gold pieces.
You spent 291 gold pieces at shops.

Inventory:

Hand Weapons
 g - a +0 dagger of draining
 o - a +2 whip of flaming
 t - the +6 demon whip of the Crushed Suns {slash, rN+ Str+6}
   (You found it in an ice cave)

   It inflicts extra damage upon your enemies.
   It affects your strength (+6).
   It protects you from negative energy.
 y - the +7 war axe "Fiwionn" (weapon) {chop, rElec Int+3 SInv}
   (You found it on level 7 of the Dungeon)

   It inflicts extra damage upon your enemies.
   It affects your intelligence (+3).
   It insulates you from electricity.
   It lets you see invisible.
 K - a +0 scimitar of flaming
Armour
 u - a +0 shield
 x - the +0 pair of gloves "Qure" {*Slow Regen+ Str+5 Dex+4}
   (You found it on level 7 of the Dungeon)

   It affects your strength (+5).
   It affects your dexterity (+4).
   It increases your rate of regeneration.
   It may slow you when you take damage.
 z - the +3 leather armour of Jaki (worn) {rF+ Str+4}
   (You found it on level 6 of the Lair of Beasts)

   It affects your strength (+4).
   It protects you from fire.
 A - a +0 cloak (worn)
 C - the +0 helmet of Eternal Night (worn) {Int+3}
   (You bought it in a shop on level 2 of the Orcish Mines)

   It affects your intelligence (+3).
 M - a +0 troll leather armour
 V - a +0 pair of gloves of dexterity (worn)
Magical Staves
 S - an uncursed staff of conjuration
Jewellery
 e - a +4 ring of evasion (left hand)
 r - the ring "Gaehyin" {Dex+3 SInv}
   (You found it on level 6 of the Lair of Beasts)

   [ring of see invisible]

   It affects your dexterity (+3).
   It lets you see invisible.
 J - a ring of protection from fire (right hand)
Wands
 h - a wand of iceblast (4/15)
 j - a wand of polymorph (12/24)
 m - a wand of polymorph (9/24)
 s - a wand of digging (8/24)
 B - a wand of lightning (11/15)
 D - a wand of flame (15/48)
 E - a wand of random effects (13/48)
 F - a wand of disintegration (6/24)
 G - a wand of lightning (11/15)
 I - a wand of random effects (32/48)
 L - a wand of iceblast (7/15)
 N - a wand of disintegration (14/24)
 O - a wand of lightning (13/15)
 P - a wand of flame (27/48)
 R - a wand of digging (13/24)
 X - a wand of polymorph (19/24)
Scrolls
 b - a scroll of blinking
 c - 3 scrolls of fear
 d - 4 scrolls of immolation
 f - 2 scrolls of magic mapping
 i - 4 scrolls of recharging
 k - 5 scrolls of teleportation
 l - 4 scrolls of fog
 n - 3 scrolls of enchant weapon
 p - 3 scrolls of remove curse
 q - 5 scrolls of enchant armour
 v - 3 scrolls of silence
 H - 3 scrolls of amnesia
 Q - 5 scrolls of identify
 T - a scroll of summoning
Miscellaneous
 w - a crystal ball of energy


   Skills:
 + Level 11.2 Fighting
 + Level 9.3 Dodging
 - Level 1.5 Stealth
 + Level 12.6 Spellcasting
 + Level 10.0 Summonings
 + Level 10.0 Invocations


You had 13 spell levels left.
You knew the following spells:

 Your Spells              Type           Power        Failure   Level  Hunger
a - Summon Small Mammal   Summ           ####         1%          1    N/A
b - Call Imp              Summ           ######..     1%          2    N/A
c - Blink                 Tloc           N/A          10%         2    N/A
d - Call Canine Familiar  Summ           ######..     1%          3    N/A
e - Mephitic Cloud        Conj/Pois/Air  ##......     17%         3    N/A
f - Summon Ice Beast      Ice/Summ       #####...     10%         4    N/A
g - Repel Missiles        Chrm/Air       ##....       10%         2    N/A
h - Summon Lightning Spi  Summ/Air       #####...     10%         4    N/A
i - Summon Guardian Gole  Hex/Summ       #####...     1%          3    N/A

Dungeon Overview and Level Annotations

Branches:
Dungeon (13/15)            Temple (1/1) D:6            Lair (6/6) D:10
  Swamp (0/4) Lair:4       Spider (0/4) Lair:4        Slime (0/5) Lair:6
    Orc (2/2) D:12
    Elf: Orc:2       Vaults: D:13-14

Altars:
Ashenzari
Cheibriados
Dithmenos
Elyvilon
Fedhas
Gozag
Hepliaklqana
Kikubaaqudgha
Makhleb
Nemelex Xobeh
Okawaru
Qazlal
Ru
Sif Muna
Trog
Uskayaw
Vehumet
Xom
Yredelemnul
Zin
The Shining One
Beogh
Jiyva

Shops:
D:5 *   D:11 *   D:12 (   Orc:1 %   Orc:2 [(=

Annotations:
D:11 Nergalle
Lair:2 exclusion: ice statue


Innate Abilities, Weirdness & Mutations

You do not eat or drink.
Your flesh is vulnerable to fire.
You are immune to poison.
Your flesh is cold resistant. (rC+)
You are immune to negative energy. (rN+++)
You are immune to unholy pain and torment.
You can survive without breathing.
You are in touch with the powers of death.


Message History

Your wolf barely misses the hellwing.
Your ice beast closely misses the neqoxec.
The orc high priest hits you with a long sword.
* * * LOW HITPOINT WARNING * * *
Your wolf barely misses the hellwing.
Your lightning spire shoots out a bolt of lightning at the orc priest!
The bolt of electricity hits the orc priest.
The orc priest dies!
Sif Muna accepts your kill. The hellwing hits you.
* * * LOW HITPOINT WARNING * * *
The hellwing closely misses you.
The neqoxec barely misses your ice beast.
An orc comes into view.
Casting: Blink
Confirm with . or Enter, or press ? or * to list all spells.
You blink.
Your wolf bites the hellwing!
The orc high priest calls down the wrath of Beogh upon you.
Beogh smites you!
You die...

..........#...
.#............
#....#......._
##.####.#)..). ## ##......
. ##.....
..#######################
###.).
....).[o[o§......)......#
##..).
...o.8...o.4h.3.@.).....#
##...[.
######.###Y###.#######..#
#..)##. #.# #.#
#(#....∩#..####.####
#h###3###)#.....#..##....#
#oo......[#.....#..#)...##
#o###.###.#...).#........#
4....oo# #.#
#.###'###)........#
8...8o.# #.#
#.....)........#.##
.o.....# #.#
#..##'###...#.####


You could see an orc high priest, a hellwing, a sixfirhy, an orc wizard, a
friendly ice beast and a friendly wolf.

Vanquished Creatures
  Snorg (D:9)
  A hydra (Lair:4)
  2 orc knights
  An orb spider (Lair:4)
  A wolf spider zombie (D:13)
  2 manticores
  4 elephants (Lair:6)
  A black mamba (Lair:4)
  2 ice statues (IceCv)
  A gargoyle (D:12)
  A rime drake (Lair:4)
  2 komodo dragons
  5 ice devils (IceCv)
  2 polar bears
  A slime creature (D:13)
  4 hippogriffs
  6 blink frogs
  A wyvern (Lair:5)
  A vampire (D:12)
  2 basilisks (Lair:4)
  9 yaks
  A wraith (D:12)
  4 vampire mosquitoes
  10 soldier ants (D:10)
  4 wargs
  2 swamp worms (Lair:4)
  2 porcupines
  5 water moccasins
  A slave (D:3)
  4 ice beasts
  2 black bears
  5 orc warriors
  2 phantoms
  4 ogres
  A necrophage (D:12)
  7 crocodiles
  2 centaurs
  A big kobold (Sewer)
  11 bullfrogs
  A scorpion (D:11)
  12 killer bees
  4 wights (D:8)
  4 howler monkeys
  2 electric eels
  5 crimson imps
  4 bullfrog zombies
  3 centaur zombies
  4 orc wizards
  A quasit (D:10)
  8 hounds
  3 bullfrog skeletons
  16 orc priests
  Crazy Yiuf (D:7)
  7 iguanas
  20 worker ants
  2 gnolls (D:3)
  14 adders
  2 river rats (Sewer)
  3 shadow imps
  3 white imps
  8 ufetubi (IceCv)
  2 oozes
  An adder skeleton (D:7)
  2 dart slugs
  5 leopard geckos
  43 orcs
  7 giant cockroaches
  6 goblins
  3 hobgoblins (D:2)
  4 jackals (D:2)
  8 kobolds
  5 quokkas
  3 ball pythons
  4 bats
  6 frilled lizards
  A jackal skeleton (D:4)
  2 leopard gecko zombies
  11 rats
  A fungus (Lair:6)
359 creatures vanquished.

Vanquished Creatures (collateral kills)
  An orc warlord (Orc:1)
  5 dire elephants
  Josephine (Orc:1)
  2 hydras
  A vault guard (D:13)
  A two-headed ogre (D:12)
  An anaconda (Lair:6)
  A queen ant (D:10)
  3 orc high priests (Orc:2)
  An unseen horror (D:11)
  Pikel (D:3)
  3 orc knights (D:12)
  An ugly thing (D:12)
  2 manticores (D:13)
  6 elephants (Lair:6)
  2 black mambas
  A gargoyle (D:12)
  9 spiny frogs
  6 komodo dragons
  An efreet (D:11)
  3 ice devils (IceCv)
  A polar bear (Lair:3)
  3 trolls (Orc:1)
  A hornet (D:12)
  2 slime creatures (D:13)
  3 blink frogs (Lair:5)
  6 hippogriffs
  A spriggan (Lair:3)
  4 wraiths
  21 yaks
  2 wyverns
  A basilisk (Lair:3)
  A hungry ghost (D:12)
  A warg (Orc:1)
  A vampire mosquito (D:13)
  Menkaure (D:5)
  11 soldier ants
  A porcupine (Lair:3)
  10 water moccasins
  Duvessa (D:5)
  A phantom (D:4)
  2 orc warriors
  A sky beast (D:5)
  5 ice beasts (Lair:2)
  An eye of draining (D:9)
  3 wolves (Lair:2)
  A slave (D:3)
  3 ogres
  2 centaurs
  2 crocodiles (Lair:1)
  Blork the orc (D:5)
  2 big kobolds
  6 bullfrogs
  2 scorpions (D:6)
  Dowan (D:5)
  A killer bee (D:8)
  2 electric eels (Lair:3)
  A howler monkey (D:6)
  2 crimson imps (D:5)
  A hound (D:6)
  A jelly (D:9)
  8 orc priests
  2 orc wizards
  3 iguanas
  8 worker ants
  A hound zombie (D:7)
  A worker ant zombie (D:5)
  10 gnolls
  2 adders
  A river rat (Sewer)
  A shadow imp (D:6)
  6 white imps
  An ufetubus (IceCv)
  An adder skeleton (D:4)
  3 worms
  A dart slug (D:2)
  A leopard gecko (D:1)
  19 orcs
  A ball python (Sewer)
  3 bats
  2 giant cockroaches
  3 goblins
  4 hobgoblins
  10 jackals
  A quokka (D:9)
  2 frilled lizards
  4 kobolds
  A rat (D:3)
  2 plants
267 creatures vanquished.

Vanquished Creatures (others)
  A reaper (IceCv)
  A jelly (D:4)
  A worker ant (D:10)
  4 white imps (IceCv)
  2 ufetubi (IceCv)
  A worm (D:4)
  An orc (D:4)
  A quokka (D:4)
  9 fungi
  12 plants
33 creatures vanquished.

Grand Total: 659 creatures vanquished

Notes
Turn   | Place    | Note
-------+----------+-------------------------------------------
     0 | D:1      | Kareekexe the Mummy Summoner began the quest for the Orb.
     0 | D:1      | Reached XP level 1. HP: 13/13 MP: 4/4
   510 | D:1      | Reached XP level 2. HP: 15/20 MP: 5/5
   521 | D:1      | Reached skill level 1 in Fighting
  1091 | D:1      | Reached skill level 3 in Spellcasting
  1270 | D:2      | Reached XP level 3. HP: 26/26 MP: 7/7
  1771 | D:2      | Found a basalt altar of Yredelemnul.
  1783 | D:2      | Reached XP level 4. HP: 27/33 MP: 7/9
  2066 | D:2      | Learned a level 2 spell: Call Imp
  2067 | D:3      | Found a glowing drain.
  2084 | D:3      | Learned a level 2 spell: Blink
  2088 | D:3      | Learned a level 3 spell: Call Canine Familiar
  2089 | Sewer    | Entered a sewer
  2364 | Sewer    | Noticed a big kobold
  2366 | Sewer    | Noticed a big kobold
  2386 | Sewer    | Killed a big kobold
  2386 | Sewer    | Reached XP level 5. HP: 34/39 MP: 0/10
  2392 | Sewer    | Reached skill level 4 in Spellcasting
  2890 | D:3      | Reached XP level 6. HP: 47/47 MP: 12/12
  3635 | D:4      | Noticed a slave
  3636 | D:4      | Noticed Pikel
  3638 | D:4      | Noticed a slave
  3640 | D:4      | Noticed a slave
  3659 | D:3      | Killed a slave
  3855 | D:3      | Killed a slave
  3860 | D:4      | Noticed a slave
  3881 | D:3      | Killed Pikel
  3881 | D:3      | Reached skill level 5 in Spellcasting
  3881 | D:3      | Reached XP level 7. HP: 36/53 MP: 2/14
  3948 | D:4      | Found a glowing golden altar of the Shining One.
  4618 | D:5      | Entered Level 5 of the Dungeon
  4739 | D:5      | Learned a level 3 spell: Mephitic Cloud
  4744 | D:5      | Learned a level 4 spell: Summon Ice Beast
  4798 | D:5      | Noticed Dowan
  4838 | D:5      | Killed Dowan
  5073 | D:5      | Noticed Duvessa
  5183 | D:5      | Killed Duvessa
  5202 | D:5      | Found Ciemoh's General Store.
  5210 | D:5      | Bought a scroll of identify for 24 gold pieces
  5337 | D:5      | Noticed Menkaure
  5348 | D:5      | Killed Menkaure
  5428 | D:5      | Found an opulent altar of Gozag.
  5428 | D:5      | Noticed Blork the orc
  5449 | D:5      | Killed Blork the orc
  5449 | D:5      | Reached skill level 6 in Spellcasting
  5470 | D:5      | Reached XP level 8. HP: 19/61 MP: 7/17
  5815 | D:5      | Reached skill level 5 in Summonings
  6005 | D:6      | Found a staircase to the Ecumenical Temple.
  6152 | D:6      | Reached skill level 5 in Fighting
  6193 | D:6      | Found a stormy altar of Qazlal.
  6200 | Temple   | Entered the Ecumenical Temple
  6299 | Temple   | Became a worshipper of Sif Muna the Loreminder
  6488 | D:6      | Noticed an air elemental
  7053 | D:6      | Reached skill level 1 in Invocations
  7189 | D:7      | Upgraded the game from 0.20-a0-513-g02c11fc to 0.20-a0-517-g5f97612
  7251 | D:7      | Reached skill level 7 in Spellcasting
  7253 | D:7      | Got a pair of twisted gloves
  7259 | D:7      | Identified the cursed +0 pair of gloves "Qure" {*Slow Regen+ Str+5 Dex+4} (You found it on level 7 of the Dungeon)
  7266 | D:7      | Got a faintly glowing war axe
  7267 | D:7      | Identified the +7 war axe "Fiwionn" {chop, rElec Int+3 SInv} (You found it on level 7 of the Dungeon)
  7292 | D:7      | Learned a level 2 spell: Repel Missiles
  7530 | D:7      | Found a runed door.
  7606 | D:7      | Noticed Crazy Yiuf
  7615 | D:7      | Killed Crazy Yiuf
  7828 | D:8      | Reached XP level 9. HP: 69/69 MP: 19/19
  7833 | D:8      | Reached skill level 5 in Dodging
  7988 | D:8      | Reached * piety under Sif Muna
  8036 | D:8      | Found a glowing golden altar of the Shining One.
  8998 | D:9      | Reached skill level 8 in Spellcasting
  9617 | D:9      | Reached ** piety under Sif Muna
  9624 | D:9      | Reached XP level 10. HP: 79/79 MP: 6/22
 10073 | D:10     | Entered Level 10 of the Dungeon
 10116 | D:10     | Noticed Snorg
 10145 | D:10     | Found a staircase to the Lair.
 10175 | D:9      | Killed Snorg
 10654 | D:10     | Reached skill level 9 in Spellcasting
 10679 | D:10     | Reached skill level 5 in Invocations
 10825 | D:11     | Noticed Nergalle
 10826 | D:11     | Noticed a manticore
 10856 | D:11     | Killed a manticore
 11094 | D:11     | Reached *** piety under Sif Muna
 11105 | D:11     | Noticed an unseen horror
 11131 | D:11     | Killed an unseen horror
 11354 | D:11     | Reached XP level 11. HP: 51/86 MP: 1/24
 11415 | D:11     | Found Ocrae's Serpentskin Sales.
 11446 | D:11     | Learned a level 4 spell: Summon Lightning Spire
 11623 | D:12     | Found Wete's Antique Weapon Boutique.
 11646 | D:12     | Noticed a green ugly thing
 11657 | D:12     | Killed a green ugly thing
 11668 | D:12     | Got a warped leather armour
 11679 | D:12     | Identified the +3 leather armour "Alet" {rPois rN+} (You found it on level 12 of the Dungeon)
 11773 | D:12     | Noticed a two-headed ogre
 11781 | D:12     | Killed a two-headed ogre
 11909 | D:12     | Found a staircase to the Orcish Mines.
 12091 | D:12     | Reached skill level 10 in Spellcasting
 12896 | D:13     | Found a shattered altar of Ashenzari.
 12977 | D:13     | Noticed a vault guard
 12990 | D:13     | Killed a vault guard
 13006 | D:13     | Noticed a vault guard
 13620 | D:10     | Reached **** piety under Sif Muna
 13722 | D:10     | Upgraded the game from 0.20-a0-517-g5f97612 to 0.20-a0-526-g753eaab
 13855 | D:10     | Noticed a queen ant
 13864 | D:10     | Killed a queen ant
 13946 | Lair:1   | Entered Level 1 of the Lair of Beasts
 14490 | Lair:2   | Reached XP level 12. HP: 66/96 MP: 3/26
 14747 | Lair:2   | Learned a level 3 spell: Summon Guardian Golem
 16019 | Lair:3   | Reached skill level 11 in Spellcasting
 17247 | Lair:4   | Found a frozen archway.
 17256 | IceCv    | Entered an ice cave
 17636 | IceCv    | Killed a reaper
 18759 | IceCv    | Got a crystal demon whip
 19157 | Lair:4   | Identified the +6 demon whip of the Crushed Suns {slash, rN+ Str+6} (You found it in an ice cave)
 19196 | Lair:4   | Reached skill level 10 in Fighting
 19493 | Lair:4   | Found a hole to the Spider Nest.
 19725 | Lair:4   | Found a staircase to the Swamp.
 19743 | Lair:4   | Reached ***** piety under Sif Muna
 19944 | Lair:4   | Noticed an eight-headed hydra
 19951 | Lair:4   | Killed a nine-headed hydra
 20633 | Lair:5   | Noticed an eight-headed hydra
 20643 | Lair:5   | Killed an eight-headed hydra
 21019 | Lair:5   | Noticed a death yak
 21025 | Lair:5   | Noticed a death yak
 21025 | Lair:5   | Noticed a death yak
 21027 | Lair:5   | Noticed a death yak
 21028 | Lair:5   | Noticed a death yak
 21029 | Lair:5   | Noticed a death yak
 21206 | Lair:5   | Gained mutation: You are in touch with the powers of death. [Mummy growth]
 21206 | Lair:5   | Reached XP level 13. HP: 65/104 MP: 2/28
 21367 | Lair:6   | Entered Level 6 of the Lair of Beasts
 21449 | Lair:6   | Identified Sif Muna's Catalogue of the Harmful Escort (Sif Muna gifted it to you on level 6 of the Lair of Beasts)
 21449 | Lair:6   | Received a gift from Sif Muna
 21690 | Lair:6   | Found a viscous altar of Jiyva.
 21691 | Lair:6   | Found a staircase to the Slime Pits.
 21776 | Lair:6   | Reached skill level 12 in Spellcasting
 22447 | Lair:6   | Noticed a dire elephant
 22464 | Lair:6   | Noticed a dire elephant
 22464 | Lair:6   | Noticed a dire elephant
 22924 | Lair:6   | Noticed a dire elephant
 22925 | Lair:6   | Noticed a dire elephant
 23018 | Lair:5   | Killed a dire elephant
 23205 | Lair:5   | Killed a dire elephant
 23569 | Lair:6   | Killed a dire elephant
 23876 | Lair:6   | Killed a dire elephant
 23983 | Lair:6   | Noticed a dire elephant
 24136 | Lair:6   | Got a brightly glowing turquoise ring
 24189 | Lair:6   | Identified the ring "Gaehyin" {Dex+3 SInv} (You found it on level 6 of the Lair of Beasts)
 24280 | Lair:6   | Killed a dire elephant
 24525 | Lair:6   | Got a dazzling leather armour
 25222 | Orc:1    | Entered Level 1 of the Orcish Mines
 25223 | Orc:1    | Upgraded the game from 0.20-a0-526-g753eaab to 0.20-a0-537-g052e6ba
 25443 | Orc:1    | Noticed Josephine
 25451 | Orc:1    | Upgraded the game from 0.20-a0-537-g052e6ba to 0.20-a0-544-g2b9a704
 25462 | Orc:1    | Killed Josephine
 25708 | Orc:1    | Found Akuneuf's Food Shoppe.
 25761 | Orc:1    | Identified the +3 leather armour of Jaki {rF+ Str+4} (You found it on level 6 of the Lair of Beasts)
 25885 | Orc:1    | Noticed an orc warlord
 27014 | D:12     | Upgraded the game from 0.20-a0-544-g2b9a704 to 0.20-a0-548-g4f8a798
 27552 | Orc:1    | Killed an orc warlord
 27552 | Orc:1    | Reached skill level 10 in Invocations
 27738 | Orc:2    | Entered Level 2 of the Orcish Mines
 27738 | Orc:2    | Found Madgh's Jewellery Emporium.
 27853 | Orc:2    | Found a roughly hewn altar of Beogh.
 27935 | Orc:2    | HP: 2/106 [orc priest/divine providence (14)]
 28486 | Orc:2    | Reached skill level 10 in Summonings
 28557 | Orc:2    | Found Mut Damaexo's Antique Weapon Shop.
 28557 | Orc:2    | Found Deudduurr's Armour Emporium.
 28563 | Orc:2    | Bought the +0 helmet of Eternal Night {Int+3} for 267 gold pieces
 28658 | Orc:2    | Killed from afar by an orc high priest

Vault maps used:
D:1:      evilmike_arrival_hilbert_curve, minmay_box_of_dots
D:2:      old_standard_altar, st_stairs_14
D:3:      portal_sewer_entry_a, hangedman_decor_riveting
D:4:      kennysheep_mini, grunt_ministairs_1, uniq_pikel
D:5:      first_bread, serial_shops, shop, basic_altar, uniq_menkaure,
          uniq_blork_the_orc, uniq_duvessa
D:6:      nicolae_qazlal_style_of_elements
D:7:      uniq_crazy_yiuf_cottage
D:8:      hangedman_abyss_or_decor_slice, blue_anna_alchemist,
          nicolae_tso_swordbearing_angel
D:10:     david_lair_shrubbed, minivault_29, uniq_snorg
D:11:     guppyfry_shop_venom, uniq_nergalle
D:12:     david_orc_2, serial_shops, nicolae_shop_stone, wad_rectangle_vault
D:13:     lightli_vaults_fourway_checkpoint, serial_shops,
          nicolae_shop_window_shopping, ashenzari_altar_1
Temple:   hc_temple_tempest_star
Lair:2:   small_statue_intersection, ice2_lemuel, grunt_megastairs_4
Lair:3:   serial_bayou, serial_bayou_lagoon_b, serial_bayou_pond_a,
          serial_bayou_lagoon_a, serial_bayou_pond_a,
          grunt_forest_large_clearing_hut, lemuel_fruit_tree
Lair:4:   nicolae_swamp_entry_splash_gauntlet,
          nicolae_spider_entry_orb_guardian, portal_ice_cave_entry_pillars_2,
          lemuel_fruit_fields
Lair:6:   due_jungle_book, slime_altar_1
Orc:1:    serial_shops, shop, special_room, uniq_josephine
Orc:2:    st_orc_town, basic_altar, serial_shops, nicolae_shop_stone,
          nicolae_shop_statue_plus, shop_fountains, minmay_orc_temple_c
Sewer:    sewer_co_15_rooms
IceCv:    ice_cave_small_demon

Skill      XL: |  1  2  3  4  5  6  7  8  9 10 11 12 13 |
---------------+----------------------------------------+-----
Fighting       | 1 2 3 4 5 7 8 9 10 11 | 11.2
Spellcasting   | 3 4 5 6 7 8 9 10 11 12 | 12.6
Dodging        | 2 3 4 5 6 7 8 9 |  9.3
Summonings     | 4 5 6 7 8 9 10 | 10.0
Invocations    | 2 4 5 6 9 10 | 10.0
Stealth        | |  1.5

Action                   |  1- 3 |  4- 6 |  7- 9 | 10-12 | 13-15 || total
-------------------------+-------+-------+-------+-------+-------++-------
Melee: Unarmed           |    37 |       |       |       |    43 ||    80
       Dagger            |    80 |   220 |   348 |       |       ||   648
       War axe           |       |       |   148 |   601 |   329 ||  1078
       Scimitar          |       |       |       |       |    63 ||    63
       Demon whip        |       |       |       |       |    21 ||    21
 Cast: Summon Small Mamm |    43 |     7 |       |     1 |       ||    51
       Call Canine Famil |       |    12 |    25 |    31 |    23 ||    91
       Call Imp          |       |    14 |    32 |     3 |     1 ||    50
       Mephitic Cloud    |       |       |    13 |    45 |    16 ||    74
       Blink             |       |       |     3 |    11 |    22 ||    36
       Summon Ice Beast  |       |       |    11 |   215 |   105 ||   331
       Repel Missiles    |       |       |     1 |     2 |     1 ||     4
       Summon Lightning  |       |       |       |     7 |    14 ||    21
       Summon Guardian G |       |       |       |       |    22 ||    22
Invok: Divine Energy     |       |       |     1 |     5 |       ||     6
       Stop Divine Energ |       |       |     1 |     4 |       ||     5
       Channel Magic     |       |       |       |     1 |       ||     1
Evoke: Wand              |       |       |       |       |     1 ||     1
  Use: Scroll            |       |       |     5 |    14 |     5 ||    24
 Stab: Sleeping          |       |     2 |     9 |     7 |       ||    18
       Distracted        |       |     1 |     2 |    10 |     3 ||    16
       Confused          |       |       |       |    19 |     5 ||    24
Armor: Robe              |    23 |    24 |    41 |    16 |       ||   104
       Leather armour    |       |       |       |   149 |    86 ||   235
Dodge: Dodged            |   143 |   200 |   486 |   923 |   484 ||  2236
       Deflected         |       |       |       |     4 |     1 ||     5
